 Dungeon Crawl Stone Soup version 0.22-a0-259-gdd11e71 (webtiles) character file.

1563 JeffiDaFish the Arsonist (level 8, -7/42 HPs)
             Began as a Tengu Fire Elementalist on Mar 6, 2018.
             Was a Believer of Vehumet.
             Mangled by an orc warrior
             ... wielding a +2 short sword of protection
              (14 damage)
             ... on level 7 of the Dungeon.
             The game lasted 00:20:06 (7492 turns).

JeffiDaFish the Arsonist (Tengu Fire Elementalist)  Turns: 7492, Time: 00:20:07

Health: -7/42      AC:  5    Str:  9    XL:     8   Next: 89%
Magic:  29/33      EV: 13    Int: 17    God:    Vehumet [**....]
Gold:   379        SH:  0    Dex: 15    Spells: 7/20 levels left

rFire    . . .     SeeInvis .   n - staff of power
rCold    . . .     Gourm    .   (no shield)
rNeg     . . .     Faith    .   j - +0 robe
rPois    +         Spirit   .   s - +2 hat
rElec    .         Reflect  .   (no cloak)
rCorr    .         Harm     .   (no gloves)
MR       .....                  (boots unavailable)
Stlth    ++........             (no amulet)
HPRegen  0.14/turn              f - +1 ring of protection
MPRegen  0.23/turn              r - ring of poison resistance

@: very slightly contaminated, slowed, very slow
A: beak, talons 3, able to fly 1
a: Fly, Renounce Religion


You were on level 7 of the Dungeon.
You worshipped Vehumet.
Vehumet was pleased with you.
You were not hungry.

You visited 2 branches of the dungeon, and saw 8 of its levels.
You also visited: Sewer.

You collected 379 gold pieces.

Inventory:

Hand Weapons
 k - a +2 dagger of venom
Armour
 j - a +0 robe (worn)
 s - a +2 hat (worn)
Magical Staves
 n - an uncursed staff of power (weapon)
Jewellery
 f - a +1 ring of protection (left hand)
 r - a ring of poison resistance (right hand)
Wands
 d - a wand of acid (11)
 m - a wand of paralysis (18)
 q - a wand of scattershot (6)
Scrolls
 a - 4 scrolls of identify
 b - 4 scrolls of amnesia
 g - 4 scrolls of teleportation
 i - a scroll of magic mapping
 l - 3 scrolls of remove curse
 t - a scroll of fog
Potions
 e - a potion of might
 h - 3 potions of curing
 o - a potion of berserk rage
 p - a potion of ambrosia
Comestibles
 c - 9 rations
 u - 6 chunks of flesh


   Skills:
 + Level 0.3 Fighting
 + Level 2.4 Dodging
 - Level 2.0 Stealth
 * Level 6.5 Spellcasting
 * Level 6.3 Conjurations
 * Level 8.1 Fire Magic


You had 7 spell levels left.
You knew the following spells:

 Your Spells              Type           Power        Failure   Level  Hunger
a - Flame Tongue          Conj/Fire      ####.        1%          1    None
b - Conjure Flame         Conj/Fire      ####....     1%          3    ##.....
c - Sticky Flame          Conj/Fire      ####....     6%          4    ####...
d - Fireball              Conj/Fire      ####......   17%         5    #####..


Dungeon Overview and Level Annotations

Branches:
Dungeon (7/15)             Temple (1/1) D:5

Altars:
Ashenzari
Cheibriados
Dithmenos
Elyvilon
Gozag
Hepliaklqana
Kikubaaqudgha
Makhleb
Ru
Sif Muna
Trog
Uskayaw
Vehumet
Wu Jian
Zin
The Shining One

Shops:
D:5 *

Annotations:
D:4 korrot's ghost, novice MiAK


Innate Abilities, Weirdness & Mutations

You have a beak for a mouth.
You have claws for feet.
You can fly.


Message History

The orc wizard gestures at you while chanting.
You feel yourself slow down.
Casting: Flame Tongue (safe; 1% risk of failure)
Confirm with . or Enter, or press ? or * to list all spells.
Aiming: Fireball (quite dangerous; 17% risk of failure)
Press: ? - help, Shift-Dir - straight line, f/p - orc
Aim: an orc, wielding a club and wearing a leather armour (moderately wounded)
You miscast Fireball.
You are very lightly contaminated with residual magic.
There is a sudden explosion of magical energy!
The explosion engulfs you!
Ouch! That really hurt!
* * * LOW HITPOINT WARNING * * *
The explosion engulfs the orc.
The orc dies!
You hear a shout! x3
The orc wizard gestures wildly while chanting.
The orc wizard blinks!
The orc warrior hits you with a short sword of protection!
You die...

......###.##≈≈.≈≈#
.###..##...#≈.♣.≈###
.# #.......'.♣♣♣.'.#
.###.###...#≈.♣.≈#.#
.....# ##.##≈≈.≈≈#.#
.##### #.########.#
.# #.# #.#.# .# ##+#
#...# .# #...# #@###
.# .....# #o#### .#
......# #.##.## .#
.......##.....## ..
......o'§......# .#
.....).####...## ##
......# ##..# #
.....# ##.# #####
###


You could see an orc warrior.

Vanquished Creatures
  Eustachio (D:6)
  A sky beast (D:7)
  A phantom (D:7)
  2 ogres (D:6)
  A crocodile (D:7)
  3 bullfrogs
  3 scorpions
  3 howler monkeys
  A crimson imp (D:6)
  A hound (D:6)
  A centaur skeleton (D:6)
  A jelly (D:7)
  2 bullfrog skeletons
  An iguana (D:5)
  A worker ant (D:4)
  3 gnolls (D:5)
  11 adders
  8 oozes
  An adder zombie (D:5)
  2 worms
  5 dart slugs
  10 leopard geckos
  5 orcs
  15 giant cockroaches
  8 goblins
  4 hobgoblins
  8 jackals
  2 quokkas (D:3)
  12 ball pythons
  9 bats
  16 frilled lizards
  2 kobolds
  A leopard gecko skeleton (D:6)
  9 rats
154 creatures vanquished.

Vanquished Creatures (others)
  An orc (D:7)
  A kobold (D:3)
2 creatures vanquished.

Grand Total: 156 creatures vanquished

Notes
Turn   | Place    | Note
-------+----------+-------------------------------------------
     0 | D:1      | JeffiDaFish the Tengu Fire Elementalist began the quest for the Orb.
     0 | D:1      | Reached XP level 1. HP: 10/10 MP: 4/4
   281 | D:1      | Reached XP level 2. HP: 15/15 MP: 4/6
   955 | D:1      | Reached XP level 3. HP: 18/19 MP: 7/7
  1275 | D:1      | Learned a level 3 spell: Conjure Flame
  1526 | D:2      | Reached skill level 4 in Fire Magic
  1699 | D:2      | Reached XP level 4. HP: 24/24 MP: 6/9
  2141 | D:3      | Found a white marble altar of Elyvilon.
  2514 | D:3      | Learned a level 4 spell: Sticky Flame
  3037 | D:4      | Noticed korrot's ghost (novice MiAK)
  3301 | D:4      | You fall through a shaft!
  3301 | D:5      | Entered Level 5 of the Dungeon
  3302 | D:5      | Found an opulent altar of Gozag.
  3434 | D:5      | Found a staircase to the Ecumenical Temple.
  3450 | Temple   | Entered the Ecumenical Temple
  3504 | Temple   | Became a worshipper of Vehumet
  3577 | D:4      | Gained mutation: You can fly. [Tengu growth]
  3577 | D:4      | Reached XP level 5. HP: 28/28 MP: 5/11
  4205 | D:4      | Reached skill level 5 in Fire Magic
  4234 | D:4      | Reached XP level 6. HP: 25/32 MP: 5/12
  4555 | D:5      | Found a sacrificial altar of Ru.
  4786 | D:5      | Found an ancient bone altar of Kikubaaqudgha.
  4864 | D:5      | Found Dayx's General Store.
  4941 | D:5      | Learned a level 5 spell: Fireball
  5297 | D:6      | Noticed Eustachio
  5308 | D:6      | Killed Eustachio
  5308 | D:6      | Reached skill level 6 in Fire Magic
  5308 | D:6      | Reached XP level 7. HP: 18/36 MP: 7/15
  5394 | D:6      | Found a glowing drain.
  5418 | Sewer    | Entered a sewer
  5579 | Sewer    | Reached * piety under Vehumet
  5579 | Sewer    | Offered knowledge of Sandblast by Vehumet.
  6371 | Sewer    | Reached ** piety under Vehumet
  6376 | Sewer    | Offered knowledge of Searing Ray by Vehumet.
  6379 | Sewer    | Reached skill level 5 in Spellcasting
  6567 | Sewer    | Reached skill level 5 in Conjurations
  6667 | D:6      | Reached XP level 8. HP: 30/41 MP: 17/17
  6768 | D:6      | Reached skill level 7 in Fire Magic
  6875 | D:6      | Found a shadowy altar of Dithmenos.
  7392 | D:7      | Reached skill level 8 in Fire Magic
  7492 | D:7      | Mangled by an orc warrior

Vault maps used:
D:1:      dpeg_arrival_tiny_i, roderic_roman_lattice
D:2:      first_ration
D:3:      kennysheep_big_empty_room, elyvilon_altar_4
D:5:      nicolae_ru_awakened_eye, grunt_gozag_statues, kiku_gazebo_pond_becter,
          minmay_temple_entry_butterflies, serial_shops, kennysheep_mini
D:6:      old_standard_altar, portal_sewer_entry_a, kennysheep_boxes,
          uniq_eustachio
D:7:      yredelemnul_forgotten_temple_becter, lemuel_coloured_pillars_altar,
          the_bakery, kennysheep_generic_room_13
Temple:   regret_index_temple_waves
Sewer:    sewer_frog_island_02

Skill      XL: |  1  2  3  4  5  6  7  8 |
---------------+-------------------------+-----
Conjurations   | 2 3 4 5 6 |  6.3
Fire Magic     | 4 5 6 8 |  8.1
Spellcasting   | 3 4 5 6 |  6.5
Fighting       | |  0.3
Dodging        | |  2.4
Stealth        | |  2.0

Action                   |  1- 3 |  4- 6 |  7- 9 || total
-------------------------+-------+-------+-------++-------
Melee: Dagger            |    31 |    38 |       ||    69
       Unarmed           |     5 |       |       ||     5
       Kick              |     9 |    10 |     6 ||    25
       Peck              |     5 |     3 |     2 ||    10
       War axe           |       |    13 |       ||    13
       Staff             |       |       |    27 ||    27
 Cast: Flame Tongue      |    53 |    53 |   101 ||   207
       Sticky Flame      |       |    14 |    16 ||    30
       Conjure Flame     |       |     1 |       ||     1
  Use: Scroll            |     6 |     7 |     3 ||    16
       Potion            |     3 |     6 |       ||     9
 Stab: Sleeping          |     1 |     3 |       ||     4
  Eat: Chunk             |     3 |     8 |     9 ||    20
       Ration            |       |     2 |       ||     2
Armor: Robe              |     9 |    20 |     6 ||    35
Dodge: Dodged            |    27 |    66 |    24 ||   117

Table legend:
 A = Spawn XP
 B = Non-spawn XP
 C = Spawn XP percentage of total XP
 D = Spawn monster count
 E = Non-spawn monster count
 F = Spawn count percentage of total count
 G = Total turns spent on level
                    A         B        C        D         E        F      G
               +---------+---------+-------+---------+---------+-------+---------
         Total |       0 |    2233 |   0.0 |       0 |     155 |   0.0 |  7492
               +---------+---------+-------+---------+---------+-------+---------
           D:1 |       0 |      38 |   0.0 |       0 |      23 |   0.0 |  1309
           D:2 |       0 |      62 |   0.0 |       0 |      20 |   0.0 |   726
           D:3 |       0 |      24 |   0.0 |       0 |      12 |   0.0 |  1023
           D:4 |       0 |     190 |   0.0 |       0 |      12 |   0.0 |  1186
           D:5 |       0 |     262 |   0.0 |       0 |      15 |   0.0 |   928
           D:6 |       0 |     796 |   0.0 |       0 |      16 |   0.0 |   820
           D:7 |       0 |     523 |   0.0 |       0 |       8 |   0.0 |   199
         Sewer |       0 |     338 |   0.0 |       0 |      49 |   0.0 |  1207
               +---------+---------+-------+---------+---------+-------+---------
